 Dungeon Crawl Stone Soup version 0.28.0-47-ge53b351184 (webtiles) character file.

Game seed: 18256821552732912972

6099 scrumboscrunkly the Protected (level 10, -10/91 HPs)
             Began as a Minotaur Berserker on May 6, 2022.
             Was a Priest of Trog.
             Killed from afar by a fire dragon (41 damage)
             ... with a blast of flame
             ... on level 10 of the Dungeon.
             The game lasted 00:55:52 (6991 turns).

scrumboscrunkly the Protected (Minotaur Berserker)  Turns: 6991, Time: 00:55:52

Health: -10/91     AC: 24    Str: 36    XL:     10   Next: 58%
Magic:  9/9        EV: 10    Int:  4    God:    Trog [***...]
Gold:   176        SH:  0    Dex: 12    Spells: 9/9 levels left

rFire   . . .      SeeInvis .   E - +0 dire flail (protect)
rCold   . . .      Faith    .   (shield currently unavailable)
rNeg    . . .      Spirit   .   u - +0 plate armour
rPois   .          Reflect  .   (helmet restricted)
rElec   .          Harm     .   (no cloak)
rCorr   .          Rampage  .   i - +1 pair of gloves
Will    .....                   (no boots)
Stlth   ..........              y - amulet of regeneration
HPRegen 1.05/turn               z - +6 ring of strength
MPRegen 0.11/turn               F - +6 ring of strength

@: under a protective aura
A: horns 2, retaliatory headbutt
a: Renounce Religion, Berserk, Trog's Hand


You were on level 10 of the Dungeon.
You worshipped Trog.
Trog was most pleased with you.
You visited 2 branches of the dungeon, and saw 11 of its levels.

You collected 386 gold pieces.
You spent 210 gold pieces at shops.

Inventory:

Hand Weapons
 a - a +0 mace
 k - a +1 vorpal hand axe
 A - a +2 scimitar of flaming
 E - a +0 dire flail of protection (weapon)
Missiles
 b - 6 silver boomerangs (quivered)
 c - 40 bolts
 m - a throwing net
Armour
 f - a +1 ring mail of cold resistance
 i - a +1 pair of gloves (worn)
 t - a +3 leather armour of willpower
 u - a +0 plate armour (worn)
Jewellery
 q - a ring of fire
 w - a ring of willpower
 y - an amulet of regeneration (around neck)
 z - a +6 ring of strength (left hand)
 F - a +6 ring of strength (right hand)
Wands
 s - a wand of paralysis (7)
Scrolls
 d - a scroll of brand weapon {unknown}
 g - 2 scrolls of fear {unknown}
 l - a scroll of enchant weapon {unknown}
 o - 4 scrolls of identify {unknown}
 p - 4 scrolls of magic mapping {unknown}
 r - 2 scrolls of blinking {unknown}
 x - a scroll of summoning {unknown}
 C - a scroll of teleportation {unknown}
 G - a scroll of immolation {unknown}
Potions
 e - a potion of mutation {unknown}
 h - 4 potions of curing {unknown}
 j - 2 potions of magic {unknown}
 n - a potion of might {unknown}
 v - 2 potions of brilliance {unknown}
 B - a potion of degeneration {unknown}
 D - a potion of invisibility {unknown}


   Skills:
 + Level 9.2 Fighting
 + Level 10.2(11.5) Axes
 + Level 8.2(10.5) Maces & Flails
 + Level 10.3 Armour
 + Level 5.5 Dodging
 + Level 1.8 Stealth


You had 9 spell levels left.
You didn't know any spells.
Your spell library was empty.

Dungeon Overview and Level Annotations

Branches:
Dungeon (10/15)            Temple (1/1) D:4            Lair (0/6) D:8
    Orc: D:9-12

Altars:
Ashenzari
Cheibriados
Elyvilon
Fedhas
Gozag
Hepliaklqana
Kikubaaqudgha
Makhleb
Okawaru
Ru
Wu Jian
Xom
Zin

Shops:
D:8 [


Innate Abilities, Weirdness & Mutations

You have a pair of horns on your head.
You reflexively headbutt those who attack you in melee.


Message History

The blast of flame hits you.
You barely miss the fire dragon.
You headbutt the fire dragon, but do no damage.
The fire dragon is heavily wounded.
The fire dragon closely misses you. You furiously retaliate!
You headbutt the fire dragon. The fire dragon claws you.
The fire dragon closely misses you.
You puncture the fire dragon!
The fire dragon is severely wounded.
The fire dragon bites you but does no damage.
The fire dragon claws you! The fire dragon barely misses you.
You hit the fire dragon but do no damage.
You headbutt the fire dragon.
The fire dragon is severely wounded.
You hit the fire dragon.
The fire dragon is severely wounded.
The fire dragon bites you.
The fire dragon claws you but does no damage.
The fire dragon tramples you but does no damage.
You hit the fire dragon.
The fire dragon is severely wounded.
The fire dragon bites you but does no damage.
The fire dragon claws you.
The fire dragon tramples you but does no damage.
You barely miss the fire dragon.
The fire dragon is severely wounded.
The fire dragon breathes flames at you. The blast of flame misses you.
You barely miss the fire dragon.
You headbutt the fire dragon, but do no damage.
The fire dragon is severely wounded.
The fire dragon breathes flames at you. The blast of flame hits you!!
You closely miss the fire dragon.
The fire dragon is severely wounded.
You barely miss the fire dragon. You headbutt the fire dragon.
The fire dragon is severely wounded.
The fire dragon breathes flames at you. The blast of flame hits you!!!
You die...

####...# ... .##....##
... #. #....# ...
#.####'##### ##'##
#.........###...#
...#........#.#...+
≈≈.#........#.#.y.#
..≈#........#.##D#
_.≈#........'.##@# ##+#
..≈#........####.##...#
≈≈.#........# #....#
...#.#####'## ##..##
..#.# #...# ##.## .#.#
#.### #..# #.######.###
##'########
.##........#
#.........#
..#........#
#.........#


You could see a fire dragon (catching breath) and a meliai.

Vanquished Creatures
  2 two-headed ogres (D:9)
  An efreet (D:7)
  3 trolls
  A hornet (D:7)
  A wyvern (D:9)
  9 yaks (D:10)
  Eustachio (D:4)
  2 wargs (D:8)
  A water moccasin (D:8)
  3 orc warriors
  A black bear (D:7)
  A necrophage (D:4)
  An ice beast (D:4)
  A centaur (D:9)
  2 phantoms
  3 bullfrogs
  A scorpion (D:4)
  A water moccasin skeleton (D:4)
  A howler monkey (D:5)
  4 centaur zombies
  3 hounds
  A gnoll shaman (D:6)
  3 orc priests
  2 iguanas (D:4)
  8 orc wizards
  Ijyb (D:4)
  A hound zombie (D:5)
  4 gnolls (D:6)
  5 adders
  A shadow imp (D:7)
  An adder skeleton (D:4)
  A worm (D:2)
  2 dart slugs (D:2)
  20 orcs
  6 endoplasms
  A giant cockroach (D:1)
  2 goblins
  2 hobgoblins
  5 jackals
  A quokka (D:2)
  6 ball pythons
  3 bats
  3 frilled lizards
  8 kobolds
130 creatures vanquished.

Vanquished Creatures (others)
  A killer bee zombie (D:8)
  10 plants (D:7)
11 creatures vanquished.

Grand Total: 141 creatures vanquished

Notes
Turn   | Place    | Note
-------+----------+-------------------------------------------
     0 | D:1      | scrumboscrunkly the Minotaur Berserker began the quest for
                  | the Orb.
     0 | D:1      | Reached XP level 1. HP: 19/19 MP: 0/0
   400 | D:1      | Reached XP level 2. HP: 19/27 MP: 1/1
   825 | D:2      | Reached ** piety under Trog
   910 | D:3      | Found a faded altar of an unknown god.
   971 | D:2      | Reached XP level 3. HP: 11/33 MP: 2/2
  1584 | D:3      | Reached XP level 4. HP: 34/41 MP: 3/3
  1766 | D:4      | Noticed a phantom
  1804 | D:4      | Killed a phantom
  1805 | D:4      | Reached skill level 5 in Maces & Flails
  1805 | D:4      | Reached XP level 5. HP: 42/47 MP: 4/4
  1851 | D:4      | Noticed a necrophage
  1872 | D:4      | Killed a necrophage
  1873 | D:4      | Reached XP level 6. HP: 40/55 MP: 5/5
  1907 | D:4      | Reached skill level 5 in Fighting
  2131 | D:5      | Entered Level 5 of the Dungeon
  2496 | D:6      | Noticed a troll
  2519 | D:6      | Killed a troll
  2520 | D:6      | Reached skill level 1 in Axes
  2520 | D:6      | Reached XP level 7. HP: 7/63 MP: 6/6
  2823 | D:6      | Reached skill level 5 in Armour
  2874 | D:6      | Reached skill level 1 in Stealth
  3092 | D:5      | Noticed Eustachio
  3093 | D:5      | Noticed Ijyb
  3410 | D:5      | Paralysed by Ijyb for 4 turns
  3422 | D:4      | Killed Ijyb
  3577 | D:4      | Found a staircase to the Ecumenical Temple.
  3587 | D:4      | Reached XP level 8. HP: 71/71 MP: 7/7
  3794 | Temple   | Entered the Ecumenical Temple
  3986 | D:4      | Killed Eustachio
  4933 | D:7      | Noticed a hornet
  4938 | D:7      | Paralysed by a hornet for 1 turns
  4945 | D:7      | Killed a hornet
  4946 | D:7      | Reached skill level 5 in Axes
  5439 | D:7      | Noticed a troll
  5444 | D:7      | Killed a troll
  5445 | D:7      | Reached skill level 5 in Dodging
  5445 | D:7      | Reached XP level 9. HP: 80/80 MP: 8/8
  5711 | D:8      | Noticed an efreet
  5711 | D:8      | Found Histriga's Antique Armour Shop.
  5730 | D:7      | Killed an efreet
  5941 | D:8      | Found a staircase to the Lair.
  5974 | D:8      | Reached *** piety under Trog
  6039 | D:8      | Bought a pair of glowing gloves for 210 gold pieces
  6341 | D:9      | Noticed a two-headed ogre
  6343 | D:9      | Noticed a troll
  6349 | D:9      | Killed a two-headed ogre
  6357 | D:9      | Killed a troll
  6366 | D:9      | Noticed a two-headed ogre
  6377 | D:9      | Killed a two-headed ogre
  6378 | D:9      | Reached XP level 10. HP: 34/90 MP: 9/9
  6674 | D:10     | Entered Level 10 of the Dungeon
  6689 | D:10     | Reached skill level 10 in Axes
  6697 | D:10     | Reached skill level 10 in Armour
  6745 | D:10     | Found a sacrificial altar of Ru.
  6915 | D:10     | Found an iron altar of Okawaru.
  6977 | D:10     | Noticed a fire dragon
  6991 | D:10     | Killed from afar by a fire dragon

Illustrated notes

Levels and vault maps discovered:
D:1:      dpeg_arrival_rooms_b, layout_loops_ring
D:2:      layout_rooms, serial_curves, eino_curves_01, eino_curves_03,
          grunt_decor_mini_mirrors
D:3:      layout_rooms, mainiacjoe_overflow_alcove_2, serial_shops,
          nicolae_shop_statue_plus, chequers_ecumenical_altar_simple_redux
D:4:      layout_basic, lemuel_round_altar, minmay_temple_entry_stoned_glass
D:5:      layout_basic, led_sif_pool, serial_rivers,
          chequers_serial_rivers_room_a, chequers_serial_rivers_small_b,
          chequers_serial_rivers_marsh, chequers_serial_rivers_micro_a,
          guppyfry_early_orc_mine, uniq_ijyb, uniq_eustachio
D:6:      layout_loops_ring, nemelex_spade_bored_becter, minmay_misc_feat_room,
          skrybe_limestone_x
D:7:      layout_basic, minmay_misc_feat_hallway, eino_tiny_chamber,
          chequers_serial_rivers_small_a, serial_bayou_lagoon_a, chequers_jeans
D:8:      minmay_goldmine, layout_basic, amcnicky_altar_gilded,
          grunt_temple_overflow_holy_war, erik_lair_orcish_takeover,
          nicolae_stop_n_shop_1
D:9:      layout_irregular_city, general_overflow_altar
D:10:     layout_roguey, mainiacjoe_overflow_alcove_1, nicolae_ru_awakened_eye,
          trog_wizard, minmay_evil_grid, uniq_joseph
Temple:   minmay_temple_curvy_loop

Skill      XL: |  1  2  3  4  5  6  7  8  9 10 |
---------------+-------------------------------+-----
Fighting       | 4 6 7 8 9 |  9.2
Maces & Flails | 4 5 6 7 8 |  8.2
Dodging        | 3 4 5 |  5.5
Armour         | 3 4 5 7 9 10 | 10.3
Axes           | 1 3 6 9 10 | 10.2
Stealth        | 1 |  1.8

Action                   |  1- 3 |  4- 6 |  7- 9 | 10-12 || total
-------------------------+-------+-------+-------+-------++-------
Melee: Mace              |    71 |    36 |       |       ||   107
       Headbutt          |     6 |    13 |    36 |    17 ||    72
       Hand axe          |       |    22 |   187 |       ||   209
       Punch             |       |       |     1 |       ||     1
       Dire flail        |       |       |     8 |    73 ||    81
Invok: Berserk           |       |     1 |     8 |       ||     9
       Trog's Hand       |       |       |     1 |       ||     1
Armor: Animal skin       |     6 |       |       |       ||     6
       Ring mail         |    22 |    15 |    35 |       ||    72
       Plate armour      |       |       |    71 |    46 ||   117
Dodge: Dodged            |    45 |    36 |   118 |    32 ||   231
